 Dungeon Crawl Stone Soup version 0.29-a0-1052-g6990b1bffc (webtiles) character file.

Game seed: 4668332876787778123

455 slphil the Ruffian (level 6, -1/97 HPs)
             Began as a Troll Berserker on Aug 17, 2022.
             Was a Believer of Trog.
             Slain by a gnoll
             ... wielding a +0 scythe
              (12 damage)
             ... on level 4 of the Dungeon.
             The game lasted 00:05:06 (2999 turns).

slphil the Ruffian (Troll Berserker)                Turns: 2999, Time: 00:05:07

Health: -1/97      AC:  4    Str: 28    XL:     6   Next: 76%
Magic:  5/5        EV: 10    Int:  3    God:    Trog [**....]
Gold:   179        SH:  0    Dex:  9    Spells: 5/5 levels left

rFire   . . .      SeeInvis .     - Unarmed
rCold   . . .      Faith    .   (no shield)
rNeg    + . .      Spirit   .   a - +0 animal skin
rPois   .          Reflect  .   (helmet restricted)
rElec   .          Harm     .   (no cloak)
rCorr   .          Rampage  .   (gloves unavailable)
Will    ++...                   (boots unavailable)
Stlth   ..........              (no amulet)
HPRegen 2.06/turn               c - ring of flight
MPRegen 0.09/turn               m - ring of positive energy

@: berserking, strong-willed, flying, regenerating, very quick
A: large, unfitting armour, claws 3, regeneration 1, shaggy fur 1, tough skin 1
a: Renounce Religion, Berserk, Trog's Hand


You were on level 4 of the Dungeon.
You worshipped Trog.
Trog was pleased with you.
You visited 1 branch of the dungeon, and saw 4 of its levels.

You collected 179 gold pieces.

Inventory:

Armour
 a - a +0 animal skin (worn)
Jewellery
 c - a ring of flight (left claw)
 m - a ring of positive energy (right claw)
Scrolls
 b - 2 scrolls of enchant armour {unknown}
 f - a scroll of poison {unknown}
 h - a scroll of identify {unknown}
 i - 3 scrolls of magic mapping {unknown}
 j - 4 scrolls of teleportation {unknown}
 k - a scroll of enchant weapon {unknown}
 n - a scroll of amnesia {unknown}
 p - a scroll of immolation {unknown}
 q - a scroll of blinking {unknown}
Potions
 d - a potion of might {unknown}
 e - 2 potions of curing {unknown}
 g - 2 potions of degeneration {unknown}
 l - a potion of mutation {unknown}
 o - a potion of flight {unknown}


   Skills:
 + Level 4.8 Fighting
 - Level 2.4 Dodging
 + Level 5.8 Unarmed Combat


You had 5 spell levels left.
You didn't know any spells.
Your spell library was empty.

Dungeon Overview and Level Annotations

Branches:
Dungeon (4/15)
 Temple: D:4-7

Altars:
Qazlal
Xom


Innate Abilities, Weirdness & Mutations

You are too large for most types of armour.
You have claws for hands.
Your natural rate of healing is unusually fast.
You are covered in fur. (AC +1)
You have tough skin. (AC +1)


Message History

You feel yourself moving faster!
You feel mighty!
The gnoll hits you from afar with a +0 scythe!
You feel a strong urge to attack something.
You scratch the gnoll.
The gnoll is heavily wounded.
The gnoll barely misses you.
The gnoll hits you from afar with a +0 scythe! x2
The gnoll closely misses you.
You mangle the gnoll!!
You kill the gnoll!
Trog accepts your kill.
The gnoll hits you from afar with a +0 scythe! x2
The gnoll hits you with a +0 scythe!
* * * LOW HITPOINT WARNING * * *
The gnoll closely misses you. The gnoll hits you with a +0 scythe!
* * * LOW HITPOINT WARNING * * *
There is an open door, spattered with blood here.
Things that are here:
a +0 scythe; a +0 robe; a gnoll corpse You claw the gnoll!
You kill the gnoll!
Trog accepts your kill. The gnoll closely misses you.
The gnoll barely misses you. The gnoll closely misses you.
The gnoll barely misses you.
You mangle the gnoll!!
You kill the gnoll!
Trog accepts your kill.
You scratch the gnoll.
The gnoll is moderately wounded.
The gnoll hits you from afar with a +0 scythe!
* * * LOW HITPOINT WARNING * * *
The gnoll barely misses you.
The gnoll hits you from afar with a +0 scythe.
* * * LOW HITPOINT WARNING * * *
You barely miss the gnoll.
The gnoll is moderately wounded.
The gnoll hits you from afar with a +0 scythe.
* * * LOW HITPOINT WARNING * * *
The gnoll hits you with a +0 scythe!
You die...

#################
#...............#########
#.#############.##......# #.#
#.##.#..... #)# #.##.#.##.#
####### #)# #.##.#.##.#
......###.#############.#.....#..
........)....#gg#................
......###.####g)@................
......###.####.)#.......#.#.#.#..
....>).......#######....#.#...#.)
....))##.....# #....#.#####..
......##.รท...# #....#.#...#..
......##.....# #....#.#.#.#..
......##.....# ######.#...#.#
.......#.....# #<#.###.#
.......#.....# #.#.....#


You could see 3 gnolls.

Vanquished Creatures
  Sigmund (D:2)
  Natasha (thrice) (D:2)
  An iguana (D:3)
  8 gnolls
  4 adders
  A worm (D:4)
  2 dart slugs
  9 orcs
  2 endoplasms
  3 giant cockroaches
  6 goblins
  3 hobgoblins (D:4)
  8 jackals
  6 kobolds
  2 quokkas (D:1)
  4 ball pythons
  3 bats
  5 frilled lizards
  6 rats
77 creatures vanquished.

Vanquished Creatures (others)
  A fungus (D:2)
1 creature vanquished.

Grand Total: 78 creatures vanquished

Notes
Turn   | Place    | Note
-------+----------+-------------------------------------------
     0 | D:1      | slphil the Troll Berserker began the quest for the Orb.
     0 | D:1      | Reached XP level 1. HP: 22/22 MP: 0/0
   104 | D:1      | Reached XP level 2. HP: 29/29 MP: 1/1
   326 | D:1      | Reached XP level 3. HP: 35/37 MP: 2/2
   520 | D:1      | Reached ** piety under Trog
   760 | D:2      | Noticed Sigmund
   778 | D:2      | Killed Sigmund
   779 | D:2      | Reached skill level 4 in Unarmed Combat
   779 | D:2      | Reached XP level 4. HP: 43/48 MP: 3/3
   779 | D:2      | Reached XP level 5. HP: 48/54 MP: 4/4
   942 | D:2      | Noticed Natasha
   948 | D:2      | Killed Natasha
   949 | D:2      | Reached skill level 5 in Unarmed Combat
  1133 | D:2      | Found a faded altar of an unknown god.
  1242 | D:2      | Noticed Natasha
  1246 | D:2      | Killed Natasha
  1457 | D:2      | Noticed Natasha
  1463 | D:2      | Killed Natasha
  1464 | D:2      | Reached XP level 6. HP: 54/63 MP: 5/5
  2071 | D:3      | Found a shimmering altar of Xom.
  2511 | D:4      | Found a stormy altar of Qazlal.
  2594 | D:4      | Identified the +11 whip of Anguish {drain, rF+++ Dex-5 SInv
                  | Stlth+}
  2667 | D:4      | Reached *** piety under Trog
  2999 | D:4      | Slain by a gnoll

Illustrated notes

Levels and vault maps discovered:
D:1:      shiori_shiawase, layout_basic
D:2:      layout_basic, dreamdust_ecumenical_altar_grove,
          amcnicky_mini_corridor_feature, uniq_sigmund, uniq_natasha
D:3:      layout_loops_ring, marbit_many_paths, minivault_27, wad_orctagon
D:4:      layout_basic, grunt_qazlal_clouds, sigmund_army

Skill      XL: |  1  2  3  4  5 |
---------------+----------------+-----
Fighting       | 3 4 |  4.8
Unarmed Combat | 4 5 |  5.8
Dodging        | |  2.4

Action                   |  1- 3 |  4- 6 || total
-------------------------+-------+-------++-------
Melee: Unarmed           |    65 |   113 ||   178
       Punch             |     2 |       ||     2
Invok: Berserk           |     1 |     2 ||     3
       Trog's Hand       |       |     1 ||     1
 Stab: Sleeping          |     1 |     1 ||     2
Armor: Animal skin       |    21 |    21 ||    42
Dodge: Dodged            |    33 |    51 ||    84

Table legend: (Time is in decaauts)
 A = Elapsed time spent in this place.
 B = Non-inter-level travel time spent in this place.
 C = Inter-level travel time spent in this place.
 D = Time resting spent in this place.
 E = Time spent auto-exploring this place.
 F = Levels seen in this place.
 G = Mean time per level.
                   A        B        C        D        E       F      G
               +--------+--------+--------+--------+--------+-----+--------+
         Total |   2995 |   2873 |    122 |     92 |   2369 |   4 |  748.8 |
       Dungeon |   2995 |   2873 |    122 |     92 |   2369 |   4 |  748.8 |
               +--------+--------+--------+--------+--------+-----+--------+

Top non-repeatable levels by time:
     D:2: 955 daAuts
     D:3: 861 daAuts
     D:4: 633 daAuts
     D:1: 545 daAuts
